 Dungeon Crawl Stone Soup version 0.32-a0-768-g0f6f1dd4b9 (webtiles) character file.

Game seed: 7171787056078934992

118 gosagan the Gusty (level 5, -3/28 HPs)
             Began as a Tengu Air Elementalist on Mar 18, 2024.
             Killed from afar by Ijyb (12 damage)
             ... with a rupture
             ... on level 3 of the Dungeon.
             The game lasted 00:06:06 (2374 turns).

gosagan the Gusty (Tengu Air Elementalist)          Turns: 2374, Time: 00:06:07

Health: -3/28      AC:  2    Str:  9    XL:     5   Next: 2%
Magic:  7/9        EV: 26    Int: 17    God:
Gold:   141        SH:  0    Dex: 14    Spells: 5/8 levels left

rFire   . . .        f - +0 dagger
rCold   . . .        (no shield)
rNeg    . . .        a - +0 robe
rPois   .            (helmet restricted)
rElec   .            (no cloak)
rCorr   .            (no gloves)
SInv    .            (boots unavailable)
Will    .....        q - amulet of magic regeneration
Stlth   ++           (no ring)
HPRegen 0.24/turn    (no ring)
MPRegen 0.51/turn

%: acrobat
@: acrobatic
A: beak, talons 3, acrobatic
a: no special abilities


You were on level 3 of the Dungeon.
You visited 1 branch of the dungeon, and saw 5 of its levels.

You collected 141 gold pieces.

Inventory:

Hand Weapons
 f - a +0 dagger (weapon)
 p - a +1 heavy sling
Armour
 a - a +0 robe (worn)
Jewellery
 l - an amulet of faith
 q - an amulet of magic regeneration (around neck)
Scrolls
 e - 2 scrolls of fear {unknown}
 g - a scroll of vulnerability {unknown}
 h - a scroll of silence {unknown}
 j - 3 scrolls of identify {unknown}
 o - a scroll of enchant armour {unknown}
 r - a scroll of amnesia {unknown}
Potions
 b - 2 potions of magic
 c - a potion of invisibility {unknown}
 d - a potion of attraction {unknown}
 i - 2 potions of might {unknown}
 k - a potion of heal wounds {unknown}
 m - a potion of lignification {unknown}
 n - 2 potions of haste {unknown}


   Skills:
 - Level 2.1 Dodging
 - Level 2.0 Stealth
 - Level 2.0 Spellcasting
 + Level 4.4 Conjurations
 + Level 5.9 Air Magic


You had 5 spell levels left.
You knew the following spells:

 Your Spells              Type           Power      Damage    Failure   Level
a - Shock                 Conj/Air       76%        1d7       2%          1
b - Static Discharge      Conj/Air       38%        3-5/arc   3%          2

Your spell library contained the following spells:

 Spells                   Type           Power      Damage    Failure   Level
 Swiftness                Air            21%        N/A       4%          3
 Airstrike                Air            10%        2d(2-18)  17%         4
 Sigil of Binding         Hex            1%         N/A       50%         3
 Death Channel            Necr           0%         N/A       100%        6
 Sculpt Simulacrum        Ice/Alch       0%         N/A       100%        6


Dungeon Overview and Level Annotations

Branches:
Dungeon (5/15)
 Temple: D:4-7

Altars:
Okawaru

Annotations:
D:3 Ijyb


Innate Abilities, Weirdness & Mutations

You have a beak for a mouth.
You have claws for feet.
You can magically evade attacks while moving or waiting.


Message History

You start waiting.
Done waiting.
You climb downwards.
There is a stone staircase leading up here.
You see here a +0 spear.
You now have 133 gold pieces (gained 15).
A gnoll comes into view. It is wielding a +0 spear.
Found a white potion.
The zap hits the gnoll.
The gnoll is heavily wounded.
The gnoll shouts!
The zap misses the gnoll.
The zap hits the gnoll.
The gnoll is severely wounded.
The zap hits the gnoll.
The gnoll is severely wounded.
The zap hits the gnoll.
You kill the gnoll!
You have reached level 5!
Magic restored.
You now have 141 gold pieces (gained 8).
You see here a +0 spear.
Found a stone staircase leading up.
Ijyb the Inquisitive comes into view.
She is wielding a +0 dagger and carrying a wand of warping.
The zap hits Ijyb.
Ijyb is lightly wounded.
Ijyb shouts!
The zap hits Ijyb.
Ijyb is moderately wounded.
Ijyb zaps a wand.
Space twists violently!
The rupture engulfs you!
You hear an angry hiss.
You hear a shout!
The zap hits Ijyb.
Ijyb is moderately wounded.
The zap misses Ijyb.
Ijyb zaps a wand.
Space twists violently!
The rupture engulfs you!
You blink.
Okay, then.
Ijyb zaps a wand.
Space twists violently!
The rupture engulfs you!
You blink.
A frilled lizard comes into view.
Found a blackened brass ring.
You die...

.).....).............
......
###..#.....!............
......
###..#.......ยง..........
J.....
.....#..................
......
####.#..................
......
(..............<........
......
###.##..g...............
...... ....
...................
....!.
###.##..........@.......
...... ##
.................. ......
... ...............
..$... #..
............... ......
.........l..... ......
............... ......
............=.. ......
...............


You could see a frilled lizard (wandering).

Vanquished Creatures
  3 gnolls
  3 adders
  A ribbon worm (D:2)
  A dart slug (D:1)
  7 ball pythons
  4 bats
  4 endoplasms
  5 giant cockroaches
  6 goblins
  2 hobgoblins
  6 jackals (D:1)
  A quokka (D:3)
  4 frilled lizards
  4 kobolds
  3 rats
54 creatures vanquished.

Notes
Turn   | Place    | Note
-------+----------+-------------------------------------------
     0 | D:1      | gosagan the Tengu Air Elementalist began the quest for the
                  | Orb.
     0 | D:1      | Reached XP level 1. HP: 10/10 MP: 4/4
   215 | D:1      | Reached XP level 2. HP: 15/15 MP: 4/6
   742 | D:1      | Reached XP level 3. HP: 19/19 MP: 3/7
   996 | D:1      | Reached skill level 5 in Air Magic
  1248 | D:2      | Learned a level 2 spell: Static Discharge
  1510 | D:2      | Reached XP level 4. HP: 24/24 MP: 5/8
  1623 | D:2      | Found an iron altar of Okawaru.
  2048 | D:3      | You fall into a shaft and drop 2 floors!
  2048 | D:5      | Entered Level 5 of the Dungeon
  2358 | D:3      | Reached XP level 5. HP: 28/28 MP: 5/9
  2369 | D:3      | Noticed Ijyb
  2374 | D:3      | Killed from afar by Ijyb

Illustrated notes

Levels and vault maps discovered:
D:1:      shiori_arrival_elements, layout_rooms
D:2:      layout_loops_ring, basic_altar
D:3:      layout_basic, hellmonk_sif_muna_bookshelves, uniq_ijyb
D:4:      layout_loops_ring, kennysheep_mini
D:5:      layout_basic, gammafunk_temple_overflow_elements,
          kennysheep_generic_room_4, uniq_prince_ribbit1

Skill      XL: |  1  2  3  4 |
---------------+-------------+-----
Conjurations   | 2 3 4 |  4.4
Air Magic      | 5 |  5.9
Dodging        | |  2.1
Stealth        | |  2.0
Spellcasting   | |  2.0

Action                     |  1- 3 |  4- 6 || total
---------------------------+-------+-------++-------
  Melee: Dagger            |     6 |       ||     6
         Kick              |     2 |       ||     2
         Peck              |     1 |       ||     1
   Cast: Shock             |    69 |    37 ||   106
 Armour: Robe              |     7 |     7 ||    14
  Dodge: Dodged            |    17 |    10 ||    27

Table legend: (Time is in decaauts)
 A = Elapsed time spent in this place.
 B = Non-inter-level travel time spent in this place.
 C = Inter-level travel time spent in this place.
 D = Time resting spent in this place.
 E = Time spent auto-exploring this place.
 F = Levels seen in this place.
 G = Mean time per level.
                   A        B        C        D        E       F      G
               +--------+--------+--------+--------+--------+-----+--------+
         Total |   2374 |   2312 |     62 |    549 |   1224 |   5 |  474.8 |
       Dungeon |   2374 |   2312 |     62 |    549 |   1224 |   5 |  474.8 |
               +--------+--------+--------+--------+--------+-----+--------+

Top non-repeatable levels by time:
     D:1: 1235 daAuts
     D:2: 863 daAuts
     D:3: 124 daAuts
     D:5: 102 daAuts
     D:4: 49 daAuts
